 Dungeon Crawl Stone Soup version 0.32-a0-391-gce5c0aab1b (webtiles) character file.

Game seed: 3320405813611142564

79 Zeldest the Trooper (level 4, 0/35 HPs)
             Began as a Coglin Fighter on Feb 19, 2024.
             Slain by a goblin
             ... wielding a +0 club
             ... led by Robin
              (5 damage)
             ... on level 2 of the Dungeon.
             The game lasted 00:01:04 (958 turns).

Zeldest the Trooper (Coglin Fighter)                 Turns: 958, Time: 00:01:05

Health: 0/35       AC:  7    Str: 16    XL:     4   Next: 38%
Magic:  4/4        EV:  9    Int:  7    God:
Gold:   51         SH:  5    Dex: 16    Spells: 3/3 levels left

rFire   . . .        a - +0 long sword {Jihoo}
rCold   . . .        c - +0 buckler
rNeg    . . .        b - +0 scale mail
rPois   .            (no helmet)
rElec   .            (no cloak)
rCorr   .            (no gloves)
SInv    .            i - +0 pair of boots
Will    .....        (no amulet) Stlth
                     (no ring)
HPRegen 0.25/turn    (no ring)
MPRegen 0.09/turn

%: no passive effects
@: mighty, revved, stiff-legged, very slow
A: off-hand wielding, slow wielding, warmup strikes, warmup strides
a: no special abilities


You were on level 2 of the Dungeon.
You visited 1 branch of the dungeon, and saw 2 of its levels.

You collected 51 gold pieces.

Inventory:

Hand Weapons
 a - a +0 long sword (weapon) {Jihoo}
Armour
 b - a +0 scale mail (worn)
 c - a +0 buckler (worn)
 i - a +0 pair of boots (worn)
Jewellery
 e - a +6 ring of dexterity
 j - a ring of resist corrosion
Scrolls
 f - a scroll of fear {unknown}
 g - 2 scrolls of teleportation {unknown}
 h - a scroll of amnesia {unknown}
Potions
 d - a potion of might
 k - a potion of brilliance {unknown}


   Skills:
 + Level 3.5 Fighting
 * Level 3.4 Long Blades
 - Level 2.6 Armour
 + Level 1.5 Dodging
 - Level 2.1 Shields


You had 3 spell levels left.
You didn't know any spells.
Your spell library contained the following spells:

 Spells                   Type           Power      Damage    Failure   Level
 Call Canine Familiar     Summ           0%         N/A       100%        3
 Sigil of Binding         Hex            0%         N/A       100%        3
 Dimensional Bullseye     Hex/Tloc       0%         N/A       100%        4


Dungeon Overview and Level Annotations

Branches:
Dungeon (2/15) Zot: 10950

Altars:
Ashenzari

Annotations:
D:2 Robin


Innate Abilities, Weirdness & Mutations

You can wield a second weapon in your off-hand.
It takes a long time for you to wield or remove held weapons.
Your first few attacks do less damage.
Your first movements take longer.


Message History

You miss the goblin. Robin throws the goblin at you!
The goblin hits you with a +0 dagger. x2
Robin roars a battlecry!
The goblins go into a battle-frenzy!
The goblin hits you but does no damage.
You hit the goblin.
The goblin is heavily wounded.
The goblin barely misses you.
The goblin hits you but does no damage. x2
You hit the goblin.
You kill the goblin!
Robin roars a battlecry!
The goblin hits you with a +0 dagger.
You feel very mighty all of a sudden. Robin throws the goblin at you!
The goblin hits you but does no damage. x2
You slash the goblin!
You kill the goblin!
The goblin barely misses you.
You barely miss the goblin.
The goblin no longer looks unusually strong.
Robin throws the goblin at you! The goblin barely misses you.
The goblin hits you but does no damage. You block Robin's attack.
You barely miss Robin.
The goblin no longer looks unusually strong.
The goblin hits you with a +0 club. The goblin hits you with a +0 dagger.
You block Robin's attack. You block the goblin's attack.
The goblin barely misses you.
You slash Robin!
Robin is heavily wounded.
Robin throws the goblin at you!
The goblin hits you but does no damage. x2
The goblin closely misses you.
You barely miss the goblin.
Robin roars a battlecry!
The goblins go into a battle-frenzy!
You block the goblin's attack. The goblin hits you with a +0 dagger.
* * * LOW HITPOINT WARNING * * *
The goblin hits you with a +0 club.
* * * LOW HITPOINT WARNING * * *
You barely miss the goblin. The goblin hits you but does no damage.
The goblin hits you with a +0 club.
You die...

# ######)## ####(##..gg...####
#.......#.g).......
#.##.##.#g#####..######## #.
#.>..#g# ### .#......## ~
######.#####.#.# .. #.####..##~
#..........#.#)##.# #.####.##~~
#.##.#.......#K##g##.##.##...##~~
#.##.##.##.###gg@g...##.##.#.#~~#
#.##....##.# ####g#####.##.#.~~~#
#.##.#####.# #...# #.......~##
.....#####.# #...#######.#..~#.
##.......<.# #.........#.#..##.
##†..###.#######....####.........
.........###...........#.###.#.#.
.#..#.##.................# #.#.#.
##.......###...........#.# #...##


You could see Robin, 4 goblins and a kobold.

Vanquished Creatures
  A dart slug (D:1)
  5 ball pythons
  An endoplasm (D:2)
  3 giant cockroaches
  11 goblins
  A hobgoblin (D:1)
  2 jackals (D:1)
  A quokka (D:1)
  7 bats
  A frilled lizard (D:1)
  5 kobolds
  5 rats
43 creatures vanquished.

Notes
Turn   | Place    | Note
-------+----------+-------------------------------------------
     0 | D:1      | Zeldest the Coglin Fighter began the quest for the Orb.
     0 | D:1      | Reached XP level 1. HP: 18/18 MP: 1/1
    78 | D:1      | Reached XP level 2. HP: 18/24 MP: 2/2
   156 | D:1      | Reached skill level 1 in Dodging
   156 | D:1      | Reached XP level 3. HP: 25/29 MP: 3/3
   299 | D:1      | Found a faded altar of an unknown god.
   745 | D:1      | Found a broken altar of Ashenzari.
   802 | D:2      | Reached XP level 4. HP: 35/35 MP: 4/4
   931 | D:2      | Noticed Robin
   958 | D:2      | Slain by a goblin

Illustrated notes

Levels and vault maps discovered:
D:1:      dpeg_arrival_water_altar, layout_basic,
          shapermc_ecumenical_altar_starsandcircs, fountainhead
D:2:      layout_loops_cross, hex_large, chequers_serial_rivers_large_b,
          uniq_sigmund, uniq_robin

Skill      XL: |  1  2  3 |
---------------+----------+-----
Dodging        | 1 |  1.5
Long Blades    | 3 |  3.4
Fighting       | |  3.5
Armour         | |  2.6
Shields        | |  2.1

Action                     |  1- 3 |  4- 6 || total
---------------------------+-------+-------++-------
  Melee: Long sword        |    80 |    29 ||   109
    Use: Potion            |       |     1 ||     1
 Armour: Scale mail        |    71 |    44 ||   115
  Dodge: Dodged            |    37 |    17 ||    54
  Block: Buckler           |    21 |    10 ||    31

Table legend: (Time is in decaauts)
 A = Elapsed time spent in this place.
 B = Non-inter-level travel time spent in this place.
 C = Inter-level travel time spent in this place.
 D = Time resting spent in this place.
 E = Time spent auto-exploring this place.
 F = Levels seen in this place.
 G = Mean time per level.
                   A        B        C        D        E       F      G
               +--------+--------+--------+--------+--------+-----+--------+
         Total |   1047 |   1045 |      2 |     46 |    710 |   2 |  523.5 |
       Dungeon |   1047 |   1045 |      2 |     46 |    710 |   2 |  523.5 |
               +--------+--------+--------+--------+--------+-----+--------+

Top non-repeatable levels by time:
     D:1: 815 daAuts
     D:2: 232 daAuts
